 Dungeon Crawl Stone Soup version 0.21.1-1-g345015f (webtiles) character file.

49 Alarkh the Digger (level 3, -3/19 HPs)
             Began as a Gargoyle Earth Elementalist on Feb 4, 2018.
             Slain by a worm (10 damage)
             ... on level 2 of the Dungeon on Feb 5, 2018.
             The game lasted 00:01:45 (1939 turns).

Alarkh the Digger (Gargoyle Earth Elementalist)     Turns: 1939, Time: 00:01:45

Health: -3/19      AC:  5    Str: 11    XL:     3   Next: 75%
Magic:  7/7        EV: 12    Int: 16    God:
Gold:   70         SH:  0    Dex: 10    Spells: 7/8 levels left

rFire    . . .     SeeInvis .   g - +0 dagger
rCold    . . .     Gourm    .   (no shield)
rNeg     + . .     Faith    .   c - +0 robe
rPois    ∞         Spirit   .   (no helmet)
rElec    +         Reflect  .   (no cloak)
rCorr    .         Harm     .   (no gloves)
MR       .....                  (no boots)
Stlth    ++........             (no amulet)
HPRegen  0.06/turn              (no ring)
MPRegen  0.10/turn              (no ring)

@: no status effects
A: negative energy resistance 1, electricity resistance, unbreathing,
petrification resistance, rot immunity, AC +3
a: no special abilities


You were on level 2 of the Dungeon.
You were hungry.

You visited 1 branch of the dungeon, and saw 2 of its levels.

You collected 70 gold pieces.

Inventory:

Hand Weapons
 g - a +0 dagger (weapon)
Missiles
 b - 28 stones (quivered)
Armour
 c - a +0 robe (worn)
Scrolls
 a - a scroll of immolation {unknown}
 i - 2 scrolls of identify {unknown}
 j - 2 scrolls of remove curse {unknown}
 k - 2 scrolls of teleportation {unknown}
Potions
 f - a potion of curing {unknown}
 h - a potion of heal wounds {unknown}
Books
 e - a book of Geomancy

   Spells                             Type                      Level
   a - Sandblast                      Earth                        1
   b - Passwall                       Transmutation/Earth          2
   c - Stone Arrow                    Conjuration/Earth            3
   d - Petrify                        Transmutation/Earth          4
   e - Lee's Rapid Deconstruction     Earth                        5
Comestibles
 d - 4 rations


   Skills:
 - Level 1.5 Dodging
 - Level 2.1 Stealth
 + Level 3.0 Spellcasting
   Level 0.7 Transmutations
 + Level 4.6 Earth Magic


You had 7 spell levels left.
You knew the following spells:

 Your Spells              Type           Power        Failure   Level  Hunger
a - Sandblast             Erth           ###...       2%          1    #......


Dungeon Overview and Level Annotations

Branches:
Dungeon (2/15)

Altars:


Innate Abilities, Weirdness & Mutations

You are resistant to torment.
Your stone body is resilient. (AC +3)
You are immune to poison.
You resist negative energy. (rN+)
You are resistant to electric shocks. (rElec)
You can survive without breathing.
You are immune to petrification.
You are immune to rotting.


Message History

The worm is moderately wounded.
The hobgoblin misses you. The worm misses you.
You hit the worm but do no damage.
The worm is moderately wounded.
The hobgoblin barely misses you.
You hit the worm.
The worm is heavily wounded.
The hobgoblin hits you with a club. The worm closely misses you.
You hit the worm but do no damage.
The worm is moderately wounded.
The hobgoblin hits you but does no damage.
You hit the worm but do no damage.
The worm is moderately wounded.
The worm barely misses you. The hobgoblin misses you.
There are monsters nearby!
You hit the worm but do no damage.
The worm is moderately wounded.
The hobgoblin hits you with a club. The worm bites you!
Ouch! That really hurt!
You die...

.. . .##
####### ..# #
#.....# #.#.#
#.....#
#.###.#.#
#.....#
#.%..wg.#
#.....# #@#
#.....# #.#
###.###
#####.#
#####.#
#.....#
......####
#.#####
...#.....# #.#
#)..†....# #.#
.........# #.#
##.#..#.####.#


You could see a worm and a hobgoblin.

Vanquished Creatures
  An adder (D:2)
  A leopard gecko (D:1)
  2 giant cockroaches (D:1)
  6 goblins
  4 hobgoblins (D:1)
  2 jackals (D:2)
  5 kobolds
  A ball python (D:2)
  9 bats
  4 rats (D:1)
35 creatures vanquished.

Notes
Turn   | Place    | Note
-------+----------+-------------------------------------------
     0 | D:1      | Alarkh the Gargoyle Earth Elementalist began the quest for the Orb.
     0 | D:1      | Reached XP level 1. HP: 10/10 MP: 3/3
   345 | D:1      | Reached XP level 2. HP: 15/15 MP: 3/5
   373 | D:1      | Reached skill level 4 in Earth Magic
   882 | D:1      | Reached XP level 3. HP: 19/19 MP: 4/6
  1368 | D:2      | Upgraded the game from 0.21.1 to 0.21.1-1-g345015f
  1939 | D:2      | Slain by a worm

Skill      XL: |  1  2  3 |
---------------+----------+-----
Earth Magic    | 4 |  4.6
Spellcasting   | 3 |  3.0
Dodging        | |  1.5
Stealth        | |  2.1
Transmutations | |  0.7

Action                   || total
-------------------------++-------
Melee: Unarmed           ||     1
       Dagger            ||    85
 Cast: Sandblast         ||    32
  Eat: Chunk             ||     3
Armor: Robe              ||    39
Dodge: Dodged            ||    68
